 Dungeon Crawl Stone Soup version 0.28-a0-1594-ga885d4b3d6 (webtiles) character file.

Game seed: 10086529049504743938

10216 kae the Grappler (level 11, -14/98 (110) HPs)
             Began as a Black Draconian Transmuter on Jan 20, 2022.
             Was an Initiate of Ru.
             Killed from afar by Josephine (27 damage)
             ... with a ghostly fireball
             ... on level 10 of the Dungeon.
             The game lasted 00:09:37 (13993 turns).

kae the Grappler (Black Draconian Transmuter)      Turns: 13993, Time: 00:09:38

HP:   -14/98 (110)  AC:  8    Str: 20    XL:     11   Next: 33%
MP:   20/20         EV: 16    Int: 15    God:    Ru [......]
Gold: 603           SH:  0    Dex: 13    Spells: 14/22 levels left

rFire   x . .      SeeInvis .     - Unarmed
rCold   + + +      Faith    .   (shield currently unavailable)
rNeg    . . .      Spirit   .   (armour unavailable)
rPois   +          Reflect  .   (helmet currently unavailable)
rElec   .          Harm     .   (cloak currently unavailable)
rCorr   .          Rampage  .   (gloves currently unavailable)
Will    .....                   (boots currently unavailable)
Stlth   +.........              (no amulet)
HPRegen 0.26/turn               v - +4 ring of evasion
MPRegen 0.17/turn               m - +6 ring of strength

@: ice-form, slowed, heavily drained, very slow
A: freezing attack, amphibious, boosted hp, (breathe lightning), AC +7, large,
unfitting armour, (electricity resistance), (cold-blooded)
a: End Transformation, Renounce Religion


You were on level 10 of the Dungeon.
You worshipped Ru.
Ru was noncommittal.
You were a creature of crystalline ice.
You visited 2 branches of the dungeon, and saw 11 of its levels.
You also visited: Ossuary.

You collected 663 gold pieces.
You spent 60 gold pieces at shops.

Inventory:

Missiles
 a - a throwing net
Armour
 e - the +1 Delatra's gloves (melded) {ID++}
   (You found it on level 4 of the Dungeon)

   It heals its wearer when they drink unknown potions.
   It restores its wearer's MP when they read unknown scrolls.
Jewellery
 d - a ring of wizardry
 i - a ring of resist corrosion
 j - a +6 ring of dexterity
 m - a +6 ring of strength (right front paw)
 v - a +4 ring of evasion (left front paw)
 x - a ring of positive energy
 E - a +6 ring of intelligence
Wands
 p - a wand of acid (17)
 q - a wand of iceblast (22)
 r - a wand of flame (16)
 y - a wand of paralysis (20)
 B - a wand of digging (3)
 D - a wand of charming (6)
Scrolls
 f - 4 scrolls of teleportation
 g - a scroll of vulnerability
 n - 5 scrolls of blinking
 A - a scroll of fear
Potions
 b - 2 potions of curing
 c - 5 potions of mutation
 h - a potion of heal wounds
 k - 7 potions of lignification
 l - 3 potions of degeneration
 o - 2 potions of brilliance
 s - a potion of flight
 t - 2 potions of resistance
 u - a potion of haste
 w - a potion of cancellation


   Skills:
 + Level 7.0 Fighting
 + Level 6.2 Dodging
 * Level 9.7 Unarmed Combat
 + Level 6.2 Spellcasting
 * Level 9.4 Transmutations
 - Level 5.0 Ice Magic
 - Level 2.0 Poison Magic


You had 14 spell levels left.
You knew the following spells:

 Your Spells              Type           Power      Damage    Failure   Level
a - Beastly Appendage     Tmut           64%        N/A       1%          1
b - Spider Form           Tmut/Pois      21%        N/A       4%          3
c - Ice Form              Ice/Tmut       26%        N/A       8%          4

Your spell library contained the following spells:

 Spells                   Type           Power      Damage    Failure   Level
 Wereblood                Tmut           32%        N/A       1%          2
 Passwall                 Tmut/Erth      15%        N/A       3%          2
 Frozen Ramparts          Ice            38%        1d5       5%          3
 Ensorcelled Hibernation  Hex/Ice        24%        N/A       8%          2
 Animate Skeleton         Necr           8%         N/A       14%         1
 Apportation              Tloc           8%         N/A       14%         1
 Summon Small Mammal      Summ           16%        N/A       14%         1
 Blink                    Tloc           8%         N/A       22%         2
 Gell's Gravitas          Tloc           4%         N/A       41%         3
 Lesser Beckoning         Tloc           4%         N/A       41%         3
 Swiftness                Air            4%         N/A       41%         3
 Teleport Other           Tloc           4%         N/A       41%         3
 Summon Ice Beast         Ice/Summ       12%        N/A       45%         4
 Manifold Assault         Tloc           4%         N/A       99%         5
 Dispersal                Tloc           2%         N/A       100%        6


Dungeon Overview and Level Annotations

Branches:
Dungeon (10/15)            Temple (1/1) D:6            Lair (0/6) D:8
    Orc (0/2) D:9         Ossuary (visited)

Altars:
Ashenzari
Cheibriados
Dithmenos
Elyvilon
Fedhas
Gozag
Hepliaklqana
Kikubaaqudgha
Makhleb
Nemelex Xobeh
Okawaru
Qazlal
Ru
Sif Muna
Trog
Uskayaw
Vehumet
Wu Jian
Xom
Yredelemnul
Zin
The Shining One

Shops:
D:4 *

Annotations:
D:10 Josephine


Innate Abilities, Weirdness & Mutations

You are a creature of crystalline ice.
You have a powerful freezing melee attack.
You are amphibious.
Your maximum health is increased.
Your armour is entirely melded.
You are incapable of wielding weapons or throwing items.
((You can breathe wild blasts of lightning.))
((Your glossy black scales are hard. (AC +7)))
You cannot fit into any form of body armour.
((You are resistant to electric shocks. (rElec)))
((You are cold-blooded and may be slowed by cold attacks.))


Message History

Josephine draws life force from you!
Josephine is healed by the life force!
The wraith closely misses you. The wraith barely misses you.
You hit Josephine but do no damage.
Josephine is heavily wounded.
The wraith hits you. The wraith drains your vigour!
You feel yourself slow down. Josephine hits you but does no damage.
The wraith closely misses you. The wraith hits you but does no damage.
You punch Josephine! You freeze Josephine.
Josephine is almost dead.
The wraith closely misses you. Josephine draws life force from you!!
Josephine is healed by the life force!
The wraith misses you. The wraith hits you but does no damage.
The wraith hits you. The wraith drains your vigour!
You feel as though you will be slow longer.
You hit Josephine. You freeze Josephine.
Josephine is severely wounded.
Josephine gestures at you while chanting.
The ghostly flame explodes!
The ghostly fireball engulfs you!!
You feel drained.
* * * LOW HITPOINT WARNING * * *
The ghostly fireball engulfs the wraith.
The wraith completely resists.
The ghostly fireball engulfs the wraith.
The wraith completely resists.
The ghostly fireball engulfs the wraith.
The wraith completely resists.
The ghostly fireball engulfs Josephine.
Josephine completely resists.
The wraith misses you. The wraith hits you.
* * * LOW HITPOINT WARNING * * *
The wraith drains your vigour!
You feel as though you will be slow longer.
The wraith hits you!
* * * LOW HITPOINT WARNING * * *
The wraith drains your vigour!
You feel as though you will be slow longer.
You hit Josephine. You freeze Josephine.
Josephine is severely wounded.
Josephine points at you and mumbles some strange words.
The ghostly flame explodes!
The ghostly fireball engulfs you!!
You feel drained.
You die...

.............#
.............##
..........#...#
........####..##
##....### #...##
###... ##.).# ##
##..## #...##
#.#WYW#
......#W@#
..........#
#.......#...#
#....... #...#
##...... ...#
#...... ....
#..... .....


You could see Josephine and 3 wraiths.

Vanquished Creatures
  4 two-headed ogres
  Pikel (D:6)
  Psyche (D:8)
  A yaktaur (shapeshifter) (D:10)
  A komodo dragon (D:8)
  A troll (D:9)
  Grinder (D:4)
  Sigmund (D:5)
  A shadow (D:10)
  A wyvern (D:8)
  13 yaks
  A wraith (D:10)
  4 water moccasins (D:8)
  2 acid dragons (D:9)
  5 orc warriors
  2 ice beasts
  3 ogres
  A phantom (D:5)
  A lemure (D:6)
  2 kobold brigands
  4 bullfrogs
  3 scorpions
  2 wyvern skeletons
  3 killer bees (D:7)
  A howler monkey (D:6)
  4 centaur zombies
  A hound (D:3)
  A jelly (D:7)
  6 orc priests
  A bullfrog skeleton (D:6)
  A gnoll shaman (D:4)
  2 iguanas
  Natasha (thrice) (D:3)
  8 orc wizards
  9 mummies
  9 adders
  6 gnolls
  2 shadow imps
  A white imp (D:8)
  A worm (D:4)
  2 dart slugs
  22 orcs
  7 endoplasms
  2 giant cockroaches
  12 goblins
  5 hobgoblins
  4 jackals (D:3)
  6 quokkas
  5 ball pythons
  6 bats
  2 frilled lizards
  3 hobgoblin zombies (Ossuary)
  10 kobolds
  4 kobold zombies (Ossuary)
  An orc zombie (Ossuary)
  4 rats
210 creatures vanquished.

Vanquished Creatures (others)
  16 fungi (D:8)
  35 plants
51 creatures vanquished.

Grand Total: 261 creatures vanquished

Notes
Turn   | Place    | Note
-------+----------+-------------------------------------------
     0 | D:1      | kae the Draconian Transmuter began the quest for the Orb.
     0 | D:1      | Reached XP level 1. HP: 16/16 MP: 3/3
   175 | D:1      | Reached XP level 2. HP: 23/23 MP: 5/5
   738 | D:1      | Found a faded altar of an unknown god.
  1162 | D:2      | Reached XP level 3. HP: 25/28 MP: 4/6
  1166 | D:2      | Learned a level 3 spell: Spider Form
  2033 | D:3      | Found a radiant altar of Vehumet.
  2383 | D:3      | Noticed Natasha
  2393 | D:3      | Killed Natasha
  2394 | D:3      | Reached skill level 1 in Poison Magic
  2394 | D:3      | Reached XP level 4. HP: 14/36 MP: 5/7
  2950 | D:3      | Noticed Natasha
  3049 | D:3      | Killed Natasha
  3083 | D:3      | Found a radiant altar of Vehumet.
  3173 | D:3      | Noticed Natasha
  3179 | D:3      | Killed Natasha
  3180 | D:3      | Reached XP level 5. HP: 41/41 MP: 4/8
  4584 | D:4      | Reached XP level 6. HP: 48/48 MP: 4/10
  4659 | D:4      | Found Yxogracw's General Store.
  4665 | D:4      | Bought a scroll of identify for 24 gold pieces
  4666 | D:4      | Bought a scroll of teleportation for 36 gold pieces
  4700 | D:4      | Learned a level 4 spell: Ice Form
  4763 | D:4      | Noticed Grinder
  4984 | D:4      | Noticed an orc warrior
  5002 | D:4      | Killed an orc warrior
  5015 | D:4      | Reached skill level 1 in Ice Magic
  5056 | D:4      | Found the +1 Delatra's gloves {ID++}
  5245 | D:4      | Paralysed by Grinder for 6 turns
  5271 | D:5      | Entered Level 5 of the Dungeon
  5481 | D:5      | Your scales start taking on a glossy black colour.
  5481 | D:5      | Reached XP level 7. HP: 36/56 MP: 3/11
  5481 | D:5      | Gained mutation: You are resistant to electric shocks.
                  | (rElec) [Black Draconian growth]
  5731 | D:4      | Killed Grinder
  5732 | D:4      | Reached skill level 5 in Unarmed Combat
  6055 | D:4      | Found an opulent altar of Gozag.
  6281 | D:4      | Found a sparkling altar of Nemelex Xobeh.
  6584 | D:5      | Found a bloodstained altar of Trog.
  7079 | D:5      | Noticed a yak
  7079 | D:5      | Noticed a yak
  7098 | D:5      | Killed a yak
  7099 | D:5      | Reached XP level 8. HP: 47/63 MP: 9/13
  7232 | D:5      | Reached skill level 5 in Transmutations
  7602 | D:5      | Noticed Sigmund
  7609 | D:5      | Killed Sigmund
  8049 | D:6      | Found a sand-covered staircase.
  8057 | Ossuary  | Entered an ossuary
  8206 | Ossuary  | Reached XP level 9. HP: 71/71 MP: 15/15
  8693 | D:6      | Found a staircase to the Ecumenical Temple.
  8761 | D:6      | Found an ornate altar of the Wu Jian Council.
  8763 | D:6      | Noticed Pikel
  8775 | D:6      | Killed Pikel
  8776 | D:6      | Reached skill level 5 in Ice Magic
  9104 | Temple   | Entered the Ecumenical Temple
  9859 | D:7      | Reached skill level 5 in Fighting
 10002 | D:7      | Found a white marble altar of Elyvilon.
 10393 | D:8      | Noticed a two-headed ogre
 10615 | D:8      | Noticed a komodo dragon
 10616 | D:8      | Found a staircase to the Lair.
 10631 | D:8      | Reached XP level 10. HP: 81/81 MP: 12/17
 10639 | D:8      | Reached skill level 5 in Spellcasting
 10641 | D:8      | Reached skill level 5 in Dodging
 10778 | D:8      | Found a hide-covered altar of Uskayaw.
 11385 | D:8      | Noticed Psyche
 11394 | D:8      | Killed Psyche
 11399 | D:8      | Killed a two-headed ogre
 12089 | D:9      | Found a staircase to the Orcish Mines.
 12314 | D:9      | Found a shimmering altar of Xom.
 12868 | D:9      | Found a sacrificial altar of Ru.
 12868 | D:9      | Noticed a two-headed ogre
 12886 | D:9      | Killed a two-headed ogre
 13105 | D:9      | Became a worshipper of Ru the Awakened
 13140 | D:9      | Reached XP level 11. HP: 91/91 MP: 15/19
 13426 | D:10     | Entered Level 10 of the Dungeon
 13453 | D:10     | Noticed a two-headed ogre
 13462 | D:10     | Killed a two-headed ogre
 13823 | D:10     | Noticed a two-headed ogre
 13831 | D:10     | Killed a two-headed ogre
 13975 | D:10     | Noticed Josephine
 13993 | D:10     | Killed from afar by Josephine

Illustrated notes

Levels and vault maps discovered:
D:1:      scummos_arrival_gate, layout_loops_ring,
          shapermc_ecumenical_altar_pompeii, amethyst_killhole
D:2:      layout_basic
D:3:      layout_loops_ring, lemuel_round_altar, kennysheep_minor_cross,
          uniq_natasha
D:4:      layout_rooms, grunt_temple_overflow_opulence, serial_shops,
          kennysheep_little_box, pf_guarded_unrand_delatra, uniq_grinder
D:5:      layout_basic, mainiacjoe_overflow_cross_hatched, uniq_sigmund
D:6:      layout_loops_ring, nzn_wu_jian_contemplation,
          minmay_temple_entry_poolview, gup_ossuary_entry_pyramid, uniq_pikel
D:7:      layout_loops_cross, nicolae_elyvilon_temple_path
D:8:      layout_loops_corners, mainiacjoe_overflow_tiny_flanked,
          due_lair_maze_entry_diamond, enter_bailey_3, uniq_psyche
D:9:      layout_stronghold, xom_butterflies, nicolae_overflow_crystal_walls,
          serial_rivers, chequers_serial_rivers_micro_c,
          chequers_serial_rivers_marsh, chequers_serial_rivers_micro_d,
          chequers_serial_rivers_small_3
D:10:     layout_cave_pods, uniq_josephine
Temple:   cyrus_circular_temple

Skill      XL: |  1  2  3  4  5  6  7  8  9 10 11 |
---------------+----------------------------------+-----
Dodging        | 2 3 4 5 6 |  6.2
Transmutations | 3 4 5 7 8 9 |  9.4
Poison Magic   | 1 2 |  2.0
Fighting       | 2 3 4 5 6 7 |  7.0
Unarmed Combat | 4 5 6 7 9 |  9.7
Ice Magic      | 1 3 4 5 |  5.0
Spellcasting   | 3 4 5 6 |  6.2

Action                   |  1- 3 |  4- 6 |  7- 9 | 10-12 || total
-------------------------+-------+-------+-------+-------++-------
Melee: Unarmed           |   123 |   103 |   227 |   179 ||   632
       Tailslap          |    20 |     3 |       |     1 ||    24
       Kick              |    14 |     7 |       |       ||    21
       Headbutt          |     5 |     8 |       |       ||    13
       Punch             |     3 |       |       |       ||     3
 Cast: Beastly Appendage |    29 |    13 |       |       ||    42
       Spider Form       |       |    11 |     9 |       ||    20
       Ice Form          |       |     1 |    28 |    23 ||    52
 Abil: Breathe Lightning |       |       |     1 |       ||     1
Evoke: Wand              |       |       |     5 |       ||     5
  Use: Scroll            |     3 |     3 |     8 |     3 ||    17
       Potion            |       |     5 |       |     3 ||     8
Armor: Skin              |    54 |    25 |    44 |    37 ||   160
Dodge: Dodged            |   100 |    73 |   113 |   107 ||   393

Table legend: (Time is in decaauts)
 A = Elapsed time spent in this place.
 B = Non-inter-level travel time spent in this place.
 C = Inter-level travel time spent in this place.
 D = Time resting spent in this place.
 E = Time spent auto-exploring this place.
 F = Levels seen in this place.
 G = Mean time per level.
                   A        B        C        D        E       F      G
               +--------+--------+--------+--------+--------+-----+--------+
         Total |  13922 |  13610 |    312 |   1096 |  10721 |  12 | 1160.2 |
       Dungeon |  13591 |  13288 |    303 |   1096 |  10480 |  10 | 1359.1 |
        Temple |     59 |     50 |      9 |      0 |     42 |   1 |   59.0 |
       Ossuary |    271 |    271 |      0 |      0 |    199 |   1 |  271.0 |
               +--------+--------+--------+--------+--------+-----+--------+

Top non-repeatable levels by time:
     D:3: 2467 daAuts
     D:5: 1851 daAuts
     D:4: 1529 daAuts
     D:9: 1521 daAuts
     D:8: 1498 daAuts
     D:7: 1195 daAuts
     D:2: 1137 daAuts
     D:6: 975 daAuts
     D:1: 857 daAuts
    D:10: 558 daAuts
 Ossuary: 271 daAuts
  Temple: 59 daAuts
